[Event "Chhattisgarh Masters GM 2022"]
[Site "Chhattisgarh"]
[Date "2022.09.21"]
[Round "3.7"]
[White "Ilamparthi A R"]
[Black "Praloy Sahoo"]
[Result "1/2-1/2"]
[ECO "C00"]
[WhiteElo "2269"]
[BlackElo "2117"]
[Annotator "TA"]
[PlyCount "98"]
[EventDate "2022.09.19"]
[EventCountry "IND"]
[SourceTitle "playchess.com"]
[Source "ChessBase"]
[SourceQuality "1"]
[TimeControl "5400+30"]

1. e4 e6 2. d3 d5 3. Nd2 Nf6 4. Ngf3 Nc6 5. c3 a5 6. e5 Nd7 7. d4 f6 8. Bb5 fxe5 {[%emt 0:00:37] C00: French: Unusual White 2nd moves.} 9. dxe5 Be7 10. Qe2 ({White should play} 10. Nd4 $14 Nxd4 11. cxd4) 10... O-O $11 {[%emt 0:00:38] [#] The position is equal.} 11. Bd3 $146 {[%emt 0:00:17] Against Rf5} (11. Nd4 $11 Ndxe5 12. Bxc6 Nxc6 13. Nxe6 Bxe6 14. Qxe6+ Kh8 15. O-O) ({Predecessor:} 11. O-O Nc5 12. Nb3 Nxb3 13. axb3 Bd7 14. Ra4 Be8 15. Bd3 Kh8 16. Nd4 Nxd4 17. Rxd4 {0-1 (78) Hauschild,H (2147)-Huch,R (2239) Bayern 2011}) 11... Nc5 $17 12. Bb1 b6 $1 13. Nd4 Qe8 {[%emt 0:21:12] White must now prevent ...Ba6.} 14. Qe3 (14. Nxc6 $11 Qxc6 15. Qh5) 14... Ba6 15. N2f3 Nxd4 $1 16. Nxd4 Qh5 17. Bd2 Ne4 18. Bxe4 dxe4 19. Qxe4 ({But not} 19. Nxe6 $2 Qg4 20. Nd4 (20. Nxf8 $2 Bc5 $19) 20... c5 $19) 19... Bc5 20. g4 (20. h4 $15) 20... Qf7 ({Not} 20... Qh4 21. Be3 $15 (21. Nxe6 $2 Qxf2+ 22. Kd1 Rad8 $19)) ({Black should try} 20... Qe8 $17 21. Be3 Rd8) 21. f4 (21. Be3 $1 $15) 21... Bxd4 22. Qxd4 {[%emt 0:02:18] [#]} (22. cxd4 $17 Rac8 23. Rg1) 22... Rad8 $1 $36 {[%emt 0:01:10][%mdl 2048] Black is really pushing.} 23. Qf2 Qg6 (23... Qd7 $19 {Threatens to win with ...Qd5.} 24. b3 Qd3) 24. O-O-O $15 Qxg4 25. Rhg1 Qf5 26. Qh4 $2 {[%emt 0:03:35] [#]} (26. Qg2 $15 g6 27. Be3) 26... Be2 $1 $19 27. Qe7 (27. Qg3 $142 Rd7 28. Rde1) 27... g6 28. Rg5 Qf7 (28... Qe4 $19 29. Qxe6+ Kh8) 29. Qxf7+ $15 Rxf7 30. Re1 Bf3 31. Rf1 Rfd7 32. Rf2 {[%emt 0:00:08] Against Be2} Be4 33. Rg3 a4 34. c4 Bd3 35. b3 Kf7 (35... axb3 $17 36. axb3 Bf5) 36. Re3 (36. Bc3 $11) 36... Ra8 (36... axb3 $17 37. axb3 Bf5) 37. Bc3 Bf5 38. Rg2 Ke8 39. Re1 Rd3 40. Rg3 Rd7 41. Rg2 $1 h5 42. Rgg1 (42. Rd1 $15) 42... Bg4 (42... b5 $17 43. Rd1 (43. cxb5 $2 axb3 44. Kb2 Rxa2+ 45. Kxb3 Rxh2 $19) 43... bxc4) 43. Rg2 Rd3 44. Rg3 Rdd8 45. Kb2 Ra6 46. Rgg1 Kd7 (46... Ra7 $17) 47. Rg2 (47. h3 $5 Bf5 48. Rd1+ Ke7 49. Bb4+ c5 50. Be1 Rxd1 51. Bh4+ Kd7 52. Rxd1+ Kc8 53. Rd8+ Kc7 54. Rg8 $11) 47... Kc6 48. Rd2 Rf8 49. b4 {[%emt 0:00:00] Hoping for b5+.} b5 {[%emt 0:00:00] Weighted Error Value: White=0.32/Black=0.28 (precise)} 1/2-1/2

[Event "Chhattisgarh Masters GM 2022"]
[Site "Chhattisgarh"]
[Date "2022.09.21"]
[Round "3.7"]
[White "Deshmukh, Anup"]
[Black "Laxman, R.R."]
[Result "0-1"]
[ECO "A21"]
[WhiteElo "2176"]
[BlackElo "2388"]
[Annotator "TA"]
[PlyCount "106"]
[EventDate "2022.09.19"]
[EventCountry "IND"]
[SourceTitle "playchess.com"]
[Source "ChessBase"]
[SourceQuality "1"]
[TimeControl "5400+30"]

1. c4 e5 2. Nc3 d6 3. g3 Be6 4. Nf3 c5 5. Bg2 Nc6 6. b3 {[%emt 0:01:03] A21: English Opening: 1...e5 2 Nc3.} g6 7. O-O {[%emt 0:02:41] [#]} Bg7 $146 ({Predecessor:} 7... Nge7 8. Bb2 Bg7 9. e3 O-O 10. Ne2 Rc8 11. d4 cxd4 12. exd4 exd4 13. Nfxd4 a6 14. Nxc6 bxc6 15. Bxg7 Kxg7 {1-0 (29) Dubois,H (1836)-Kosciusko Morizet,A (1293) Europe Echecs INT 2021}) 8. Bb2 {[%emt 0:03:44] The position is equal.} Nh6 9. e3 Nf5 {[%emt 0:00:06] Inhibits d4.} (9... e4 10. Ng5 $1 $16) 10. Ne4 O-O 11. Nfg5 Bd7 12. f4 Qe7 13. g4 (13. Nh3 $11) 13... Nh4 {[%emt 0:07:32] White must now prevent ...exf4.} 14. f5 f6 ({Much worse is} 14... gxf5 15. gxf5 Nxf5 16. Qb1 $11 (16. Qh5 Nh6 $11)) 15. Nh3 Nxg2 (15... gxf5 {feels hotter.} 16. gxf5 Nxf5 17. Qh5 Nh6) 16. Kxg2 Nb4 17. Ng3 {[%emt 0:06:08] Prevents h5.} d5 18. a3 Nd3 19. cxd5 Nxb2 20. Qc2 Bb5 21. Qxb2 Bxf1+ 22. Rxf1 Qd6 23. e4 Bh6 24. Rf3 Rac8 25. Nf2 b5 (25... Bg5 $15) 26. h4 Bf4 (26... g5 $1 $15 {feels stronger.} 27. h5 Rfd8) 27. Ne2 (27. fxg6 $11 {keeps the balance.} hxg6 28. h5) 27... g5 ({Black should play} 27... gxf5 $17 28. gxf5 Kh8) 28. Nxf4 $11 gxf4 29. g5 Rc7 30. Ng4 Rg7 31. Kh3 h5 32. gxh6 Rxg4 33. Kxg4 {[%emt 0:00:07][%mdl 4096] Endgame Strongly threatening Kh3. KQR-KQR} Kh7 34. Kh3 Rg8 35. d3 Kxh6 36. Qf2 (36. b4 $11) 36... Qe7 (36... a5 $1 $17) 37. Kh2 Qg7 38. Qf1 Qg4 39. Qf2 (39. Kh1 $11 {remains equal.}) 39... a5 $1 $17 {[%emt 0:01:25][%cal Ba7a5,Ba5a4][%mdl 32] Black is more active.} 40. Kh1 $2 (40. Qf1 $1 $15) 40... a4 $1 $19 41. bxa4 b4 42. axb4 cxb4 43. Qf1 b3 44. Rf2 Qg3 45. Rf3 {[%emt 0:00:00] [#]} Qg7 {[%emt 0:00:00] Hoping for ...b2.} 46. Rf2 {[%emt 0:00:00] [#]} Qa7 $1 {[%emt 0:00:00] Threatens to win with ...Qd4.} 47. Rg2 Rg3 48. Qf2 (48. d6 $19 Rh3+ 49. Rh2) 48... Qg7 $2 (48... Rh3+ {mates} 49. Kg1 b2 50. Rg6+ Kh5 51. Qxa7 b1=Q+ 52. Kf2 Qc2+ 53. Ke1 Qc1+ 54. Kf2 Rh2+ 55. Rg2 Qd2+ 56. Kf1 Qxg2+ 57. Ke1 Qe2#) 49. d6 {[%emt 0:00:36] Rxg3 is the strong threat.} Qg4 {[%emt 0:22:09] ( -> ...b2)} 50. d7 $2 (50. Rxg3 $11 fxg3 51. Qf1 (51. Qd2+ Kh5 $11) 51... g2+ 52. Qxg2 Qxh4+ 53. Qh2 (53. Kg1 Qe1+ 54. Kh2 Qh4+ 55. Qh3 Qxh3+ 56. Kxh3 b2 $11)) 50... Rh3+ {[%emt 0:01:48] Black mates.} 51. Rh2 b2 52. Qxb2 Qd1+ 53. Kg2 Rg3+ {[%emt 0:00:05] Weighted Error Value: White=0.34/Black=0.17 (very precise)} 0-1

[Event "Chhattisgarh Masters GM 2022"]
[Site "Chhattisgarh"]
[Date "2022.09.21"]
[Round "3.8"]
[White "Tahbaz, Arash"]
[Black "Utsab Chatterjee"]
[Result "1-0"]
[ECO "C00"]
[WhiteElo "2437"]
[BlackElo "2332"]
[Annotator "TA"]
[PlyCount "71"]
[EventDate "2022.09.19"]
[EventCountry "IND"]
[SourceTitle "playchess.com"]
[Source "ChessBase"]
[SourceQuality "1"]
[TimeControl "5400+30"]

1. Nf3 d5 2. g3 Nf6 3. Bg2 e6 4. O-O Be7 5. d3 c5 6. Nbd2 Nc6 7. e4 O-O 8. Re1 dxe4 9. dxe4 e5 10. Nc4 {[%emt 0:01:49] C00: French: Unusual White 2nd moves.} Qc7 11. Ne3 Be6 {[%emt 0:15:01] [#]} 12. Ng5 $146 {[%emt 0:14:17] The position is equal.} ({Predecessor:} 12. Nd5 Nxd5 13. exd5 Rfd8 14. c4 Bg4 15. Qd3 Bxf3 16. Qxf3 {½-½ (16) Ludgate,A (2417)-Anderson,P (2541) FICGS email 2014}) 12... Rad8 13. Bd2 Bc8 14. Nd5 Nxd5 15. exd5 Nb4 16. c4 $1 h6 {[%emt 0:03:28] [#]} (16... f5 $11 {remains equal.}) 17. Nf3 $1 $16 Bd6 18. Bc3 {[%emt 0:09:00] Hoping for a3.} Bf5 19. Bxe5 (19. Nxe5 Nc2 20. Ng4 Nxe1 $15) ({White should play} 19. a3 $16 Nc2 20. Rxe5 Bxe5 21. Bxe5) 19... Nc2 $14 20. Bxd6 Qxd6 21. Re5 Qf6 22. Rc1 Nb4 23. Rc3 {[%emt 0:18:26] Prevents Nd3.} Nxa2 24. Rce3 $36 {[%emt 0:01:14][%mdl 2048] White has some pressure.} Nb4 25. Qe2 Bh7 (25... b5 $11) 26. Ne1 Bg6 27. h4 Rd6 $2 (27... a5 $14) 28. h5 $18 Bb1 {[%emt 0:00:13] [#]} 29. Be4 $1 Bxe4 30. R3xe4 ({Much less strong is} 30. R5xe4 $6 b5 $16) 30... b5 31. Ng2 (31. b3 $18) 31... bxc4 $16 32. Qxc4 Qd8 33. Ne3 {[%emt 0:00:25] Threatens to win with Nf5.} (33. Qxc5 Nd3 34. Qc4 Nxe5 35. Rxe5 Rb6 $17) 33... Qd7 (33... Kh8 $16 34. Rf5 (34. Qxc5 Nd3 $11) 34... Qc7) 34. Re7 $18 ({Worse is} 34. Qxc5 Nd3 35. Qd4 Nxe5 36. Qxe5 Rf6 $11) 34... Qd8 (34... Qc8 35. Rxa7 Ra6 36. Rxa6 Qxa6 37. Qxc5 Nd3) 35. R4e5 Rd7 {[%emt 0:01:37] [#]} 36. Qg4 $1 {[%emt 0:01:43] Weighted Error Value: White=0.13 (very precise) /Black=0.42} 1-0

[Event "Chhattisgarh Masters GM 2022"]
[Site "Chhattisgarh"]
[Date "2022.09.21"]
[Round "3.8"]
[White "Saravana, Krishnan P."]
[Black "Kishan, Gangolli"]
[Result "1-0"]
[ECO "C07"]
[WhiteElo "2261"]
[BlackElo "2109"]
[Annotator "TA"]
[PlyCount "81"]
[EventDate "2022.09.19"]
[EventCountry "IND"]
[SourceTitle "playchess.com"]
[Source "ChessBase"]
[SourceQuality "1"]
[TimeControl "5400+30"]

1. e4 e6 2. d4 d5 3. Nd2 c5 4. exd5 Qxd5 5. dxc5 Nf6 6. Ngf3 {[%emt 0:00:20] C07: French Tarrasch: 3...c5, 4 Ngf3 and 4 exd5 Qxd5.} Qxc5 7. Bd3 Nbd7 8. Qe2 {[%emt 0:02:22] The position is equal.} Be7 9. Nb3 Qc7 10. Bg5 {[%emt 0:00:30] [#]} a6 $146 ({Predecessor:} 10... O-O 11. O-O-O a6 12. Kb1 b5 13. h4 Bb7 14. h5 h6 15. Bh4 Rfe8 16. Bg3 Qb6 {0-1 (41) Salgado Lopez,I (2624)-Nisipeanu,L (2674) Germany 2019}) 11. Bh4 Nd5 12. Bxe7 Nxe7 13. O-O-O Nc5 (13... b5 $11) 14. Nxc5 $16 Qxc5 15. Kb1 Nc6 16. Be4 Bd7 17. Rd2 ({White should try} 17. a3 $16) 17... O-O-O 18. Rhd1 Kc7 19. Rd3 {[%emt 0:06:42][%cal Bd2d3,Bd3d4,Bd4c4][%mdl 32] White is more active.} f6 $2 {[%emt 0:10:59] This move loses the game for Black.} (19... e5 $16 {was necessary.}) 20. Bxc6 $18 (20. Qd2 Bc8 $14) 20... Bxc6 21. Nd4 ({Not} 21. Qxe6 Rxd3 22. cxd3 (22. Rxd3 Qxf2 23. Qd6+ Kc8 $11) 22... Qxf2 $11) 21... Rxd4 22. Rxd4 e5 23. Rc4 Qe7 24. Qd2 h5 25. Qa5+ Kb8 {[%emt 0:00:48] [#]} 26. Rxc6 bxc6 27. Qxa6 {[%emt 0:00:16][%mdl 4096] Endgame Strongly threatening Rd3. KQR-KQR} Rc8 $2 (27... Qb7 28. Qxb7+ Kxb7 29. Rd7+ Kb6 30. Rxg7 Rf8) 28. Rd3 {[%emt 0:02:19] And now Rb3+ would win.} Rc7 29. Rb3+ ({Weaker is} 29. Ra3 Ra7 30. Qb6+ (30. Qxc6 Rxa3 31. bxa3 Qxa3 $16) 30... Rb7 $18) 29... Rb7 30. Rxb7+ Qxb7 31. Qxb7+ Kxb7 {[%emt 0:00:03] KP-KP} 32. b4 {[%emt 0:00:21] White is clearly winning.} f5 33. h4 {[%emt 0:00:30] [#] Threatens to win with Kb2.} Kb6 34. a4 {[%emt 0:04:45] Hoping for Kb2.} Ka6 35. Kc1 Kb6 36. Kd2 Ka6 37. Kd3 {[%emt 0:00:32] Black must now prevent Kc4.} Kb6 38. Kc4 Kb7 39. Kc5 {[%emt 0:02:04] White threatens a5 and mate.} Kc7 40. b5 cxb5 41. axb5 {[%emt 0:00:05] Weighted Error Value: White=0.05 (flawless) /Black=0.48} 1-0

[Event "Chhattisgarh Masters GM 2022"]
[Site "Chhattisgarh"]
[Date "2022.09.21"]
[Round "3.9"]
[White "Tiwari, Arjun"]
[Black "Harshavardhan G B"]
[Result "1/2-1/2"]
[ECO "C56"]
[WhiteElo "2034"]
[BlackElo "2429"]
[Annotator "TA"]
[PlyCount "136"]
[EventDate "2022.09.19"]
[EventCountry "IND"]
[SourceTitle "playchess.com"]
[Source "ChessBase"]
[SourceQuality "1"]
[TimeControl "5400+30"]

1. e4 e5 2. Nf3 Nc6 3. d4 exd4 4. Bc4 Nf6 5. O-O Nxe4 6. Re1 d5 7. Bxd5 Qxd5 8. Nc3 Qd7 9. Nxe4 Be7 10. Bg5 O-O 11. Bxe7 Qxe7 12. Nxd4 {[%emt 0:00:14] C56: Two Knights: 4 d4 exd4 5 0-0 Nxe4.} Bd7 13. Nb3 Rad8 14. Nec5 {[%emt 0:01:05] Pair of Knights!} Bc8 {[%emt 0:00:44] [#]} 15. Qf3 $146 ({Predecessor:} 15. Rxe7 Rxd1+ 16. Rxd1 Nxe7 17. f3 b6 18. Ne4 f6 19. Kf2 Kf7 20. Nc3 a6 21. a3 {0-1 (62) Alexakis,D (2450)-Schitco,I (2467) Chess.com INT 2020}) 15... Qg5 16. Qc3 Qd5 17. Re3 Nd4 18. Rae1 b6 19. Qxd4 (19. Re5 {is more complex.} Qd6 20. Nxd4 Qxd4 21. Ne4) 19... Qxd4 20. Nxd4 Rxd4 21. Nb3 Rd7 22. Re7 c5 23. f3 g6 24. Kf2 Kg7 25. g4 Rfd8 26. Rxd7 Rxd7 $11 {[%emt 0:00:12][%mdl 4096] Endgame KRB-KRN} 27. Re2 Rd1 28. Re1 Rd6 29. Re2 Be6 30. Rd2 Rxd2+ 31. Nxd2 $15 {[%emt 0:00:02] KB-KN} g5 (31... Bxa2 $15 32. c4 Kf6) 32. b3 f5 33. gxf5 Bxf5 34. c3 Kf6 35. Kg3 h5 36. h4 $2 ({Better is} 36. Nc4 $15) 36... Bc2 $2 (36... gxh4+ $1 $19 37. Kf4 (37. Kxh4 $2 Bd3 $19) 37... h3) 37. Nf1 (37. b4 $11) 37... Bb1 $17 38. a3 {[%emt 0:00:21] [#]} gxh4+ $1 39. Kxh4 {[%emt 0:00:12] [#]} Kf5 $1 40. b4 cxb4 $2 (40... Bd3 $19 41. Nh2 Kf4 42. bxc5 bxc5 43. Kxh5 Be2) 41. cxb4 $11 Kf4 {[%emt 0:00:00] Threatens to win with ...Bg6.} 42. Kxh5 Bd3 43. Nh2 Be2 {[%emt 0:00:00] aiming for ...Kg3.} 44. Kh4 (44. Kg6 $11) 44... Bxf3 $15 45. Nf1 (45. Nxf3 Kxf3 46. Kg5 Ke4 47. Kf6 Kd5 48. Kf7 Kc4 49. Kg6 b5 50. Kh6 Kb3 51. Kh5 Kxa3 52. Kg6 Kxb4 53. Kg5 a5 54. Kh5 a4 55. Kh4 Kc4 56. Kh5 a3 57. Kh4 b4 58. Kh3 b3 59. Kg4 a2 60. Kh5 a1=Q 61. Kg6 b2 62. Kg7 b1=Q+ 63. Kf7 Qf1+ 64. Ke8 Qg7 65. Kd8 Qff8#) 45... Be2 46. Ng3 Bd1 47. Kh3 Bf3 48. Kh4 Bg4 49. Nf1 b5 (49... Bf5 $15 {is superior.}) 50. Ng3 $11 Bd1 51. Kh3 Bf3 52. Kh2 Bc6 53. Nh5+ Kg4 54. Ng3 Kf3 (54... Bf3 $5 ) 55. Nf5 {[%emt 0:02:33] White threatens Nd4+ and mate.} Ke4 {[%emt 0:00:26] Inhibits Nd4.} 56. Ne7 Bb7 57. Kg3 Kd3 58. Kf4 Kc3 59. Ke5 Kb3 60. Kd6 Kxa3 61. Kc7 $2 (61. Kc5 $11) 61... Be4 $2 (61... Bf3 {mates} 62. Nc8 a6 63. Kb6 Kxb4 64. Kxa6 Kc5 65. Na7 b4 66. Ka5 b3 67. Nb5 b2 68. Na3 Bc6 69. Nb1 Kc4 70. Nd2+ Kc3 71. Nb1+ Kc2 72. Na3+ Kb3 73. Nb1 Be4 74. Nd2+ Kc3 75. Nxe4+ Kd3 76. Nc5+ Kd4 77. Nb3+ Kc3 78. Nc5 b1=Q 79. Ka6 Kc4 80. Nb7 Qb5+ 81. Ka7 Kd5 82. Nd8 Kd6 83. Ne6 Kxe6 84. Ka8 Kd6 85. Ka7 Kc6 86. Ka8 Qb7#) 62. Nc8 {[%emt 0:00:24] The position is equal.} a6 63. Kb6 $1 Kxb4 64. Kxa6 Kc5 {[%emt 0:00:03] ( -> ...b4)} 65. Nd6 $1 b4 66. Nxe4+ Kd4 67. Nd2 Kc3 68. Kb5 Kxd2 {[%emt 0:00:06] Weighted Error Value: White=0.20 (precise) /Black=0.23 (precise)} 1/2-1/2

[Event "Chhattisgarh Masters GM 2022"]
[Site "Chhattisgarh"]
[Date "2022.09.21"]
[Round "3.10"]
[White "Ajay Karthikeyan"]
[Black "Divya Deshmukh"]
[Result "1-0"]
[ECO "C42"]
[WhiteElo "2422"]
[BlackElo "2330"]
[Annotator "TA"]
[PlyCount "79"]
[EventDate "2022.09.19"]
[EventCountry "IND"]
[SourceTitle "playchess.com"]
[Source "ChessBase"]
[SourceQuality "1"]
[TimeControl "5400+30"]

1. e4 e5 2. Nf3 Nf6 3. Nxe5 d6 4. Nf3 Nxe4 5. Nc3 Nxc3 6. dxc3 Be7 7. Bf4 Nd7 8. Qd2 Nc5 9. O-O-O O-O 10. h4 {[%emt 0:00:27] 10.Be3 is vanishing. C42: Petroff Defence: 3 Nxe5 and unusual White 3rd moves.} Be6 {[%emt 0:04:52] Inhibits Bc4.} 11. Kb1 c6 12. Nd4 {[%emt 0:16:44] White is slightly better.} (12. Bxd6 $2 Ne4 13. Qe3 Nxd6 $19) 12... Qa5 {[%emt 0:17:14] [#]} 13. Nb3 $146 ({Predecessor:} 13. Nxe6 Nxe6 14. c4 Qf5 15. Be3 Nc5 16. Bd3 Nxd3 {½-½ (16) Vandenbussche,T (2263)-Skatchkov,P (2491) Ghent 2008}) 13... Nxb3 14. axb3 b5 15. Bg5 (15. Bxd6 $2 Bxd6 16. Bxb5 (16. Qxd6 $2 Rfd8 $19) 16... Qxb5 $19) 15... Rfe8 16. Bxe7 Rxe7 17. h5 (17. Qxd6 Rd7 18. Qxd7 Bxd7 19. Rxd7 Rd8 $15) 17... h6 18. Be2 (18. Qxd6 Rd7 19. Qxd7 Bxd7 20. Rxd7 Rd8 $15) (18. Bd3 $1 $14) 18... Bd5 (18... Rae8 $5 ) 19. Rhg1 Rae8 20. Bd3 c5 {[%emt 0:15:18] [#]} (20... Re5 $14) 21. Bf5 (21. Bh7+ $1 $16 Kxh7 22. Qxd5) 21... Re5 (21... Be6 $14 22. g4 d5) 22. Bd7 $18 Rb8 {[%emt 0:07:18] [#]} 23. f4 $1 Rb6 {[%emt 0:00:00][%cal Ob6a6] ( -> ...Ra6!)} (23... Rxh5 $2 24. g4 Rh1 25. Qxd5 $18) 24. c4 (24. fxe5 $2 {[#]} Ra6 $1 25. Qxd5 Qa1#) ({White has to play} 24. Bxb5 $1 $18 Re6 25. Qxd5 Qxb5 26. Rge1) 24... Qxd2 $16 25. Rxd2 Re7 26. Bxb5 (26. cxd5 Rxd7 27. Re2 Kf8 $11) 26... Bb7 27. Ba4 Bc8 28. g4 Re4 29. Rf2 Be6 30. Kc1 Ra6 31. g5 {[%emt 0:02:16] Hoping for gxh6.} hxg5 32. Rxg5 {[%emt 0:00:04] And now h6 would win.} f6 (32... Bxc4 33. h6 $16) 33. Rg3 {[%emt 0:00:15] aiming for Rfg2.} Bxc4 34. h6 $18 (34. bxc4 $6 Rxa4 35. Rfg2 Re7 $16) 34... g5 $2 (34... Re7 35. Rfg2 (35. bxc4 Rxa4 36. b3 Ra1+ 37. Kb2 Rh1 $16) 35... Kh7) 35. fxg5 ({Not} 35. bxc4 Rxa4 36. fxg5 fxg5 37. Rxg5+ Kh7 $18) 35... fxg5 36. Rxg5+ (36. bxc4 Rxa4 37. Rxg5+ Kh7 $18) 36... Kh7 37. Bd7 $2 ({Less strong is} 37. bxc4 Rxa4 38. Rf6 Re7 $18) (37. Kd2) 37... Be6 $2 {[%emt 0:01:28] [#]} (37... Re2 38. Rxe2 Bxe2) 38. Rf6 $1 {[%emt 0:00:33] Threatening mate with Rg7+. White is clearly winning.} Ra1+ (38... Rg4 39. Rxg4) 39. Kd2 {[%emt 0:00:02] White wants to mate with Rg7+.} Rd4+ 40. Kc3 {[%emt 0:00:43] Weighted Error Value: White=0.25 (precise) /Black=0.39} 1-0

[Event "Chhattisgarh Masters GM 2022"]
[Site "Chhattisgarh"]
[Date "2022.09.21"]
[Round "3.10"]
[White "Laddha, Shubh Jayesh"]
[Black "Bharadia Yash"]
[Result "0-1"]
[ECO "B90"]
[WhiteElo "2248"]
[BlackElo "2085"]
[Annotator "TA"]
[PlyCount "80"]
[EventDate "2022.09.19"]
[EventCountry "IND"]
[SourceTitle "playchess.com"]
[Source "ChessBase"]
[SourceQuality "1"]
[TimeControl "5400+30"]

1. e4 c5 2. Nf3 d6 3. d4 cxd4 4. Nxd4 Nf6 5. Nc3 a6 6. h3 e5 7. Nde2 h5 {[%emt 0:00:08] B90: Sicilian Najdorf: Unusual White 6th moves, 6 Be3 Ng4 and 6 Be3 e5.} 8. Bg5 Be6 9. Bxf6 Qxf6 {[%emt 0:00:06] The position is equal.} 10. Nd5 Qd8 11. Qd3 Nd7 12. O-O-O g6 13. Kb1 Nc5 14. Qf3 {[%emt 0:01:30] 14.Qa3 injects fresh life into this line.} Bg7 {[%emt 0:00:09] Inhibits Nf6+.} 15. Nec3 b5 16. Ne3 O-O 17. Ncd5 {[%emt 0:19:02] [#]} f5 $146 ({Predecessor:} 17... h4 18. g3 Ra7 19. Qg2 Qg5 20. Rg1 f5 21. exf5 gxf5 22. f4 Qh6 23. g4 fxg4 {½-½ (51) Miedema,D (2381)-Womacka,M (2449) Germany 2019}) 18. exf5 e4 19. Qe2 (19. Qg3 $16 Bxf5 20. Nxf5 Rxf5 21. f4 (21. Qxg6 $2 Rg5 $19)) 19... gxf5 $11 {[%emt 0:02:49] aiming for ...f4.} 20. g3 Na4 $36 {[%emt 0:01:40][%mdl 2048] Black is more active.} 21. c3 b4 {[%emt 0:17:08][%cal Ra4c3] Strongly threatening ...Nxc3+!} 22. Qc2 (22. Nxb4 Rb8 23. Qxa6 {[#]} Nxc3+ $1 24. bxc3 Bxc3 25. Qxd6 (25. a3 $2 Bxb4 26. Bc4 Bxa3+ 27. Ka2 Bxc4+ 28. Qxc4+ Kh8 $19) 25... Bxa2+ 26. Kc2 (26. Kxa2 Qa5+ 27. Kb3 Rxb4+ 28. Kxc3 Rc8+) 26... Qxd6 27. Rxd6 Bxb4 $17) (22. Qxh5 bxc3 23. b3 (23. Qg6 $2 Bf7 $19) 23... Nb6 $17) 22... Nxb2 23. Kxb2 $14 {[%emt 0:04:35] And now Ka1 would win.} (23. Qxb2 Rb8 24. Kc1 (24. Bxa6 $2 bxc3 25. Bb5 cxb2 $19) (24. Nxb4 $2 a5 $19) 24... Qa5 25. Ne7+ (25. Nxb4 $2 Rfc8 $19) 25... Kh7 $17) 23... bxc3+ (23... Qa5 24. Bc4 bxc3+ 25. Ka1 $18) 24. Ka1 {[%emt 0:02:51] Nf4 is the strong threat.} Rb8 $1 25. Nc4 {[%emt 0:02:08][%mdl 8192] Prevents Rb2. Black converts the advantage convincingly.} (25. Nxc3 {leads to mate.} Qa5) ({Don't blunder} 25. Bxa6 $2 Rb2 26. Qxb2 (26. Qa4 $2 c2 $19) 26... cxb2+ 27. Kb1 h4 $19) (25. Nf4 $2 Bf7 26. Bc4 Rb2 27. Qxb2 cxb2+ $19) (25. Rb1 $1 $11 Rxb1+ 26. Kxb1) 25... Rb5 $19 {[%emt 0:00:57] Black is clearly winning.} 26. Nf4 {[%emt 0:06:33] [#]} Rb2 $1 {[%emt 0:01:58][%mdl 576] Skewer} 27. Nxe6 (27. Qxb2 cxb2+) 27... Rxc2 28. Nxd8 Rxd8 29. a4 Rxf2 30. Rc1 Rb8 {[%emt 0:01:27] ( -> ...Rb4)} 31. Ne3 c2+ 32. Ka2 Rb2+ 33. Ka3 Rf3 34. Bc4+ Kh8 35. Rhe1 Rxg3 36. Bb3 Rb1 37. Rxc2 Rxe1 38. Rc8+ Kh7 39. Nxf5 Ra1+ 40. Kb4 a5+ {[%emt 0:00:04] Weighted Error Value: White=0.67/Black=0.13 (very precise)} 0-1

[Event "Chhattisgarh Masters GM 2022"]
[Site "Chhattisgarh"]
[Date "2022.09.21"]
[Round "3.11"]
[White "Hemanth Raam"]
[Black "Vaibhav Jayant Raut"]
[Result "1-0"]
[ECO "B42"]
[WhiteElo "1983"]
[BlackElo "2243"]
[Annotator "TA"]
[PlyCount "85"]
[EventDate "2022.09.19"]
[EventCountry "IND"]
[SourceTitle "playchess.com"]
[Source "ChessBase"]
[SourceQuality "1"]
[TimeControl "5400+30"]

1. e4 c5 2. Nf3 e6 3. d4 cxd4 4. Nxd4 a6 5. Bd3 Ne7 6. c4 Nbc6 {[%emt 0:01:57] B42: Sicilian: Kan Variation: 5 Bd3.} 7. Nxc6 Nxc6 8. O-O Bc5 {[%emt 0:12:52] The position is equal.} 9. Nd2 {[%emt 0:06:07] [#]} O-O $146 ({Predecessor:} 9... d6 10. Nf3 e5 11. h3 Qf6 12. Be3 g5 13. Nh2 h5 14. Qf3 Qxf3 15. Nxf3 g4 16. hxg4 hxg4 {½-½ (48) Velicka,P (2384)-Kratochvil,V (2237) Ceske Budejovice 2022}) 10. Qh5 Bd4 ({Black should try} 10... d6 $15) 11. Nf3 $11 ({Much weaker is} 11. e5 g6 12. Qh3 Bxe5 $15) 11... g6 12. Qh3 Bg7 13. Bh6 Qf6 14. Rae1 {[%emt 0:12:14] Strongly threatening e5.} Bxh6 15. Qxh6 d6 {[%emt 0:01:06] Against e5} 16. Qc1 (16. Rd1 {is more complex.} e5 17. Be2 Rd8 18. h3) 16... Rd8 17. Re3 Bd7 18. Rd1 Rac8 19. Be2 e5 20. h3 {[%emt 0:00:05] Inhibits Bg4.} Be6 21. b3 Qe7 22. Qa3 a5 23. Red3 Nb4 24. R3d2 Qc7 25. Ne1 Qc5 26. Qb2 Qb6 27. Nc2 Nxc2 28. Qxc2 Qc5 29. Qd3 Rc6 30. h4 Rf8 31. h5 Kg7 32. Qg3 f6 (32... h6 $142) 33. Bg4 $16 Bf7 (33... Bxg4 {was called for.} 34. Qxg4 f5) 34. Qh4 $18 {[%emt 0:03:30] [#] Intending h6+ and mate.} Bg8 35. hxg6 hxg6 36. Rd3 $40 {[%emt 0:00:14][%mdl 128] Black must now prevent Rh3. White attacks with force.} Kf7 $2 (36... g5 37. Qh3 Bf7) 37. Rf3 Kg7 38. Rh3 {[%emt 0:03:53][%cal Og4e6] Be6! would kill now.} Kf7 {[%emt 0:00:23] Against Be6+} 39. Qh8 Ke7 40. Qg7+ Bf7 41. Rf3 Qb6 42. Rxf6 Ke8 {[%emt 0:00:00] [#]} 43. Bd7+ $1 {[%emt 0:00:00][%mdl 512] Weighted Error Value: White=0.17 (very precise) /Black=0.40} 1-0